 Dungeon Crawl Stone Soup version 0.27-a0-1416-g941b2bd30b (webtiles) character file.

Game seed: 304926849920033921

281 night the Stinger (level 6, 0/34 (36) HPs)
             Began as an Octopode Venom Mage on July 1, 2021.
             Slain by a soul eater (7 damage)
             ... summoned by a kobold demonologist
             ... on level 4 of the Dungeon.
             The game lasted 00:08:16 (3964 turns).

night the Stinger (Octopode Venom Mage)             Turns: 3964, Time: 00:08:16

HP:   0/34 (36)     AC:  1    Str:  7    XL:     6   Next: 27%
MP:   11/12         EV: 13    Int: 20    God:
Gold: 140           SH:  0    Dex: 12    Spells: 2/13 levels left

rFire    . . .     SeeInvis +   g - +1 dagger (drain)
rCold    . . .     Faith    .   (no shield)
rNeg     . . .     Spirit   .   (helmet restricted)
rPois    .         Reflect  .   (no amulet)
rElec    .         Harm     .   e - ring of see invisible
rCorr    .         Rampage  .   (no ring)
Will     .....                  (no ring)
Stlth    +++.......             (no ring)
HPRegen  0.11/turn              (no ring)
MPRegen  0.13/turn              (no ring)
                                (no ring)
                                (no ring)

@: drained
A: almost no armour, amphibious, 8 rings, camouflage 1, gelatinous body 1,
(nimble swimmer 1), tentacles
a: no special abilities


You were on level 4 of the Dungeon.
You visited 1 branch of the dungeon, and saw 4 of its levels.

You collected 140 gold pieces.

Inventory:

Hand Weapons
 g - a +1 dagger of draining (weapon)
Missiles
 a - 168 stones (quivered)
 c - 2 boomerangs
 j - 8 javelins
 l - 21 sling bullets
Jewellery
 e - a ring of see invisible (left tentacle)
Wands
 i - a wand of iceblast (6)
 m - a wand of charming (8)
Scrolls
 d - a scroll of teleportation
Potions
 b - 3 potions of curing {unknown}
 f - a potion of flight {unknown}
 h - a potion of brilliance {unknown}
 k - a potion of lignification {unknown}


   Skills:
 - Level 2.0 Dodging
 - Level 2.6 Stealth
 + Level 4.4 Spellcasting
 - Level 1.0 Transmutations
 + Level 6.3 Poison Magic


You had 2 spell levels left.
You knew the following spells:

 Your Spells              Type           Power      Damage    Failure   Level
a - Sting                 Tmut/Pois      76%        1d6       2%          1
b - Mephitic Cloud        Conj/Pois/Air  12%        N/A       16%         3
c - Ignite Poison         Fire/Tmut/Pois 14%        N/A       14%         3
d - Olgreb's Toxic Radia  Pois           29%        N/A       9%          4

Your spell library contained the following spells:

 Spells                   Type           Power      Damage    Failure   Level
 Poisonous Vapours        Pois/Air       34%        N/A       4%          2
 Foxfire                  Conj/Fire      16%        2x1d4     12%         1
 Conjure Flame            Conj/Fire      4%         6-21      36%         3
 Inner Flame              Hex/Fire       4%         N/A       36%         3
 Stone Arrow              Conj/Erth      8%         3d7       36%         3
 Summon Ice Beast         Ice/Summ       4%         N/A       77%         4
 Summon Mana Viper        Hex/Summ       4%         N/A       98%         5
 Dispersal                Tloc           2%         N/A       100%        6
 Monstrous Menagerie      Summ           2%         N/A       100%        7
 Disjunction              Tloc           2%         N/A       100%        8
 Lehudib's Crystal Spear  Conj/Erth      2%         10d2      100%        8
 Animate Armour           Summ/Erth      Unusable   N/A       N/A         4

Dungeon Overview and Level Annotations

Branches:
Dungeon (4/15)
 Temple: D:4-7

Altars:


Innate Abilities, Weirdness & Mutations

You cannot wear most types of armour.
You are amphibious.
You can wear up to eight rings at the same time.
Your skin changes colour to match your surroundings (Stealth+).
Your rubbery body absorbs attacks. (AC +1, EV +1)
((You are camouflaged near water. (Stealth+)))
You have tentacles for arms and can constrict up to eight enemies at once.


Message History

Press: ? - help, Shift-Dir - straight line, f/p - kobold demonologist
Aim: a kobold demonologist, wielding a +0 dagger and wearing a +0 robe (moderately wounded, poisoned, ally target, 64% to hit)
The sting hits the kobold demonologist.
The kobold demonologist looks even sicker.
The kobold demonologist is moderately wounded.
Your orc priest misses the kobold demonologist.
The kobold demonologist hits your orc priest with a +0 dagger.
The shadow imp gestures at you. Pain shoots through your body!
Your orc priest hits the kobold demonologist with a +0 dagger.
The kobold demonologist hits your orc priest with a +0 dagger.
The shadow imp grinds its teeth.
Your orc priest mumbles some strange prayers to Beogh against the kobold demonologist.
The kobold demonologist resists with significant effort.
The kobold demonologist casts a spell.
Your orc priest hits the kobold demonologist with a +0 dagger.
The kobold demonologist hits your orc priest with a +0 dagger.
Your orc priest hits the kobold demonologist but does no damage.
The kobold demonologist casts a spell.
The crimson imp blinks!
You hit the shadow imp. You grab the shadow imp. You squeeze the shadow imp!
The shadow imp is severely wounded.
You constrict the shadow imp, but do no damage.
Your orc priest hits the kobold demonologist with a +0 dagger.
The kobold demonologist hits your orc priest with a +0 dagger.
Your orc priest dies!
The shadow imp shouts, "Take thy face hence, thou infectious tardy-gaited dingleberry!"
The shadow imp closely misses you.
The kobold demonologist shouts!
You hit the shadow imp.
You kill the shadow imp!
You hit the soul eater but do no damage.
You grab the soul eater.
You squeeze the soul eater, but do no damage.
You constrict the soul eater, but do no damage.
The soul eater hits you!!
Ouch! That really hurt!
* * * LOW HITPOINT WARNING * * *
You feel drained.
You die...

#..#.#........####
#.............####
###.........<....#
##.####.........#
#####...######......#
#.....©.....#####......
#.#########.# ......
#.#8P.©.P8#.# ......
#.#P..@..P#.# ..##.
#.####3####.# ...
#.#5≈.5.≈5#.#
#.#K≈...≈5#.#
#B#)≈P≈≈≈.#.#
#.#.≈≈♣≈≈.#.#
#.#.≈≈≈≈≈.#.#
#.#.≈..$≈.#.# #.#.≈.
.≈.#.#


You could see a soul eater (summoned), a kobold demonologist (poisoned), a
crimson imp (summoned), 3 shadow imps and a giant cockroach.

Vanquished Creatures
  An ogre (D:3)
  An orc priest (D:3)
  3 gnolls (D:3)
  3 adders
  A worm (D:4)
  3 dart slugs
  4 orcs
  8 bats
  A bat skeleton (D:2)
  5 endoplasms
  3 giant cockroaches
  10 goblins
  7 hobgoblins
  13 jackals
  3 quokkas (D:1)
  8 ball pythons
  3 frilled lizards
  4 kobolds
  6 rats
87 creatures vanquished.

Vanquished Creatures (others)
  An orc priest (D:4)
1 creature vanquished.

Grand Total: 88 creatures vanquished

Notes
Turn   | Place    | Note
-------+----------+-------------------------------------------
     0 | D:1      | night the Octopode Venom Mage began the quest for the Orb.
     0 | D:1      | Reached XP level 1. HP: 11/11 MP: 3/3
   116 | D:1      | Reached XP level 2. HP: 11/17 MP: 0/5
   235 | D:1      | Reached skill level 4 in Poison Magic
   564 | D:1      | Reached XP level 3. HP: 21/21 MP: 0/6
   568 | D:1      | Learned a level 3 spell: Mephitic Cloud
   572 | D:1      | Learned a level 3 spell: Ignite Poison
  1500 | D:2      | Reached XP level 4. HP: 27/27 MP: 6/8
  2022 | D:3      | Noticed an ogre
  2038 | D:3      | Killed an ogre
  2039 | D:3      | Reached skill level 5 in Poison Magic
  2039 | D:3      | Reached XP level 5. HP: 31/31 MP: 2/10
  2144 | D:3      | Found a faded altar of an unknown god.
  2787 | D:3      | Learned a level 4 spell: Olgreb's Toxic Radiance
  3035 | D:3      | Reached skill level 6 in Poison Magic
  3035 | D:3      | Reached XP level 6. HP: 36/36 MP: 4/12
  3938 | D:4      | Found a transporter.
  3946 | D:4      | Noticed a kobold demonologist
  3962 | D:4      | Noticed a soul eater
  3964 | D:4      | Slain by a soul eater

Illustrated notes

Levels and vault maps discovered:
D:1:      saegor_arrival_simple_d, layout_loops_cross
D:2:      layout_loops_ring, minmay_pentomino_o4
D:3:      layout_loops_corners, hellmonk_ecumenical_altar_pennies_from_heaven
D:4:      gammafunk_wand_slinger, layout_basic,
          nicolae_hepliaklqana_hippocampus, serial_glass, glass_columns_a,
          glass_columns_a, glass_columns_c, glass_columns_a, glass_columns_c,
          glass_columns_b

Skill      XL: |  1  2  3  4  5 |
---------------+----------------+-----
Poison Magic   | 4 5 6 |  6.3
Spellcasting   | 3 4 |  4.4
Dodging        | |  2.0
Stealth        | |  2.6
Transmutations | |  1.0

Action                   |  1- 3 |  4- 6 || total
-------------------------+-------+-------++-------
Melee: Unarmed           |    10 |       ||    10
       Tentacles         |    10 |     9 ||    19
       Dagger            |    37 |    73 ||   110
       Constrict         |    12 |    17 ||    29
 Cast: Sting             |    35 |    12 ||    47
       Mephitic Cloud    |       |     1 ||     1
       Olgreb's Toxic Ra |       |     4 ||     4
       Ignite Poison     |       |     3 ||     3
Evoke: Wand              |       |     1 ||     1
  Use: Scroll            |     3 |     1 ||     4
 Stab: Sleeping          |     5 |     5 ||    10
       Distracted        |       |     1 ||     1
Armor: Skin              |    10 |     2 ||    12
Dodge: Dodged            |    42 |    37 ||    79

Table legend: (Time is in decaauts)
 A = Elapsed time spent in this place.
 B = Non-inter-level travel time spent in this place.
 C = Inter-level travel time spent in this place.
 D = Time resting spent in this place.
 E = Time spent auto-exploring this place.
 F = Levels seen in this place.
 G = Mean time per level.
                   A        B        C        D        E       F      G
               +--------+--------+--------+--------+--------+-----+--------+
         Total |   3962 |   3858 |    104 |    265 |   3031 |   4 |  990.5 |
       Dungeon |   3962 |   3858 |    104 |    265 |   3031 |   4 |  990.5 |
               +--------+--------+--------+--------+--------+-----+--------+

Top non-repeatable levels by time:
     D:3: 1656 daAuts
     D:1: 1204 daAuts
     D:2: 809 daAuts
     D:4: 293 daAuts
